 Dungeon Crawl Stone Soup version 0.16-a0-4024-g0ecf4ac (webtiles) character file.

909 timbw the Carver (level 7, -8/52 HPs)
             Began as a Vampire Fighter on Feb 18, 2015.
             Mangled by an orc warrior
             ... wielding a +0 hand axe
              (16 damage)
             ... on level 7 of the Dungeon.
             The game lasted 00:13:32 (3178 turns).

timbw the Carver (Vampire Fighter)                  Turns: 3178, Time: 00:13:32

Health: -8/52      AC: 10    Str: 15    XL:     7   Next: 81%
Magic:  7/7        EV:  6    Int: 10    God:
Gold:   134        SH:  8    Dex: 15    Spells: 0 memorised, 6 levels left

rFire  + . .     SeeInvis +     a - +1 long sword
rCold  . . .     Clarity  .     b - +0 scale mail
rNeg   . . .     SustAb   .     c - +0 shield
rPois  .         Gourm    .     (no helmet)
rElec  .         Spirit   .     f - +0 cloak
rCorr  .         Warding  .     h - +1 pair of gloves
rMut   .         Stasis   .     y - +0 pair of boots
MR     .....                    (no amulet)
Stlth  ..........               (no ring)
                                u - ring of protection from fire

@: regenerating quickly, not resistant to hostile enchantments, extremely
unstealthy
A: bottle blood, fangs 3, see invisible, unbreathing
a: no special abilities


You were on level 7 of the Dungeon.
You were very full.

You visited 1 branch of the dungeon, and saw 7 of its levels.

You collected 134 gold pieces.

Inventory:

Hand weapons
 a - a +1 long sword (weapon)
Missiles
 r - 10 poisoned needles
Armour
 b - a +0 scale mail (worn)
 c - a +0 shield (worn)
 d - a +0 cloak
 f - a +0 cloak (worn)
 h - a +1 pair of gloves (worn)
 i - a +0 chain mail
 y - a +0 pair of boots (worn)
Jewellery
 m - an uncursed ring of protection from fire
 u - a ring of protection from fire (left hand)
Magical devices
 j - a wand of slowing (39)
Scrolls
 g - a scroll of immolation
 k - 3 scrolls of identify
 q - a scroll of enchant weapon
 s - a scroll of magic mapping {unknown}
 v - a scroll of blinking
 x - a scroll of noise {unknown}
 z - a scroll of enchant armour {unknown}
Potions
 e - a potion of cure mutation
 l - 2 potions of mutation {unknown}
 n - 2 potions of restore abilities
 o - a potion of brilliance {unknown}
 p - a potion of haste {unknown}


   Skills:
 + Level 3.4 Fighting
 * Level 8.9 Long Blades
 - Level 2.4 Armour
 - Level 2.6 Shields


You had 6 spell levels left.
You didn't know any spells.

Dungeon Overview and Level Annotations

Branches:
Dungeon (7/15)
 Temple: D:4-7

Altars:
Kikubaaqudgha
Nemelex Xobeh
Okawaru
Trog
Yredelemnul


Innate Abilities, Weirdness & Mutations

Your natural rate of healing is unusually fast.
You can bottle blood from corpses.
You have razor-sharp teeth.
You have supernaturally acute eyesight.
You can survive without breathing.


Message History

The orc warrior is severely wounded.
You block the orc warrior's attack.
You hit the orc warrior. Your bite misses the orc warrior.
The orc warrior is severely wounded.
The orc warrior hits you but does no damage.
You hit the orc warrior.
You bite the orc warrior, but do no damage.
The orc warrior is almost dead.
The orc warrior hits you with a hand axe.
* * * LOW HITPOINT WARNING * * *
You hit the orc warrior but do no damage.
The orc warrior is almost dead.
The orc warrior hits you with a hand axe.
* * * LOW HITPOINT WARNING * * *
You barely miss the orc warrior. Your bite misses the orc warrior.
The orc warrior is almost dead.
You hit the orc warrior.
The orc warrior is almost dead.
The orc warrior hits you with a hand axe!
You die...

#....................#....
#....................#....
#....................'....
#....................#....
#...........#####....#...#
###+#####o.###########...#
#o##.._([## #....'
#o#.≈..[≈.# #....#
#@#.≈≈.≈≈.# #..#.#
###..≈(≈..# ####.#
##.≈(≈.## #... ###(###
#... #########[#########.#
#......((.#..##.#...#
#......(..'..........
#.........#..........
#.(.......#+###.##.##


You could see an orc warrior and 2 orcs.

Vanquished Creatures
  A water moccasin (D:5)
  A sky beast (D:6)
  An ogre (D:7)
  A centaur (D:6)
  2 scorpions
  A quasit (D:6)
  3 orc wizards
  2 iguanas
  2 worker ants
  7 gnolls
  6 adders
  A worm (D:4)
  An adder zombie (D:4)
  An adder skeleton (D:4)
  An ooze (D:6)
  16 orcs
  4 bats
  A bat skeleton (D:6)
  A bat zombie (D:5)
  A giant cockroach (D:5)
  7 hobgoblins
  2 jackals (D:3)
  A quokka (D:4)
  2 ball pythons (D:3)
  4 giant geckos
  A giant gecko skeleton (D:5)
  A giant newt (D:1)
  9 goblins
  11 kobolds
  A quokka skeleton (D:5)
  11 rats
104 creatures vanquished.

Notes
Turn   | Place    | Note
--------------------------------------------------------------
     0 | D:1      | timbw, the Vampire Fighter, began the quest for the Orb.
     0 | D:1      | Reached XP level 1. HP: 17/17 MP: 1/1
   305 | D:1      | Reached XP level 2. HP: 10/23 MP: 2/2
   419 | D:2      | Reached skill level 3 in Long Blades
   513 | D:3      | Reached XP level 3. HP: 14/28 MP: 3/3
   671 | D:3      | Reached skill level 4 in Long Blades
   671 | D:3      | Reached XP level 4. HP: 25/34 MP: 4/4
   687 | D:3      | Found an iron altar of Okawaru.
   951 | D:4      | Reached skill level 5 in Long Blades
  1077 | D:4      | Reached XP level 5. HP: 37/39 MP: 5/5
  1214 | D:4      | Found a basalt altar of Yredelemnul.
  1250 | D:5      | Entered Level 5 of the Dungeon
  1252 | D:5      | Noticed a phantom
  1382 | D:4      | Reached skill level 6 in Long Blades
  1566 | D:4      | Reached XP level 6. HP: 46/46 MP: 6/6
  1821 | D:5      | Noticed a water moccasin
  1842 | D:5      | Killed a water moccasin
  1842 | D:5      | Reached skill level 7 in Long Blades
  2026 | D:5      | Found a sparkling altar of Nemelex Xobeh.
  2159 | D:6      | Found an ancient bone altar of Kikubaaqudgha.
  2420 | D:6      | Reached XP level 7. HP: 4/51 MP: 7/7
  2556 | D:6      | Reached skill level 8 in Long Blades
  2846 | D:7      | HP: 1/52 [ogre/giant club (9)]
  2941 | D:7      | Found a bloodstained altar of Trog.
  3127 | D:7      | HP: 2/52 [orc warrior/hand axe (10)]
  3178 | D:7      | Mangled by an orc warrior

Action                   |  1- 3 |  4- 6 |  7- 9 || total
-------------------------+-------+-------+-------++-------
Melee: Long sword        |    92 |   266 |   111 ||   469
Throw: Throwing net      |       |     2 |     3 ||     5
  Use: Potion            |     1 |     2 |     2 ||     5
       Scroll            |       |     7 |     1 ||     8
 Stab: Held in net/web   |       |       |     1 ||     1
  Eat: Corpse            |     8 |    15 |     3 ||    26
